 Dungeon Crawl Stone Soup version 0.27-a0-899-ge2d0b17c59 (webtiles) character file.

Game seed: 2157821015874324743

3 rageheart7 the Sneak (level 1, 0/12 (15) HPs)
             Began as a Naga Hedge Wizard on Apr 6, 2021.
             Slain by a kobold
             ... wielding a +0 short sword of draining
              (6 damage)
             ... on level 1 of the Dungeon.
             The game lasted 00:00:30 (211 turns).

rageheart7 the Sneak (Naga Hedge Wizard)             Turns: 211, Time: 00:00:30

HP:   0/12 (15)     AC:  1    Str: 12    XL:     1   Next: 50%
MP:   3/4           EV:  9    Int: 14    God:
Gold: 14            SH:  0    Dex: 10    Spells: 5/6 levels left

rFire    . . .     SeeInvis +   a - +0 dagger
rCold    . . .     Faith    .   (no shield)
rNeg     . . .     Spirit   .   b - +0 robe
rPois    +         Reflect  .   c - +0 hat
rElec    .         Harm     .   (no cloak)
rCorr    .         Rampage  .   (no gloves)
Will     .....                  (no barding)
Stlth    ++........             (no amulet)
HPRegen  0.04/turn              (no ring)
MPRegen  0.09/turn              (no ring)

@: heavily drained, very slow
A: AC +0, large, see invisible, deformed body, poison resistance, slowness 2,
spit poison 1, naga tail 1
a: Spit Poison


You were on level 1 of the Dungeon.
You visited 1 branch of the dungeon, and saw 1 of its levels.

You collected 14 gold pieces.

Inventory:

Hand Weapons
 a - a +0 dagger (weapon)
Armour
 b - a +0 robe (worn)
 c - a +0 hat (worn)
Scrolls
 d - a scroll of magic mapping {unknown}


   Skills:
 * Level 0.3 Short Blades
 - Level 1.5 Dodging
 * Level 3.2 Stealth
 * Level 3.0 Spellcasting
 - Level 1.0 Conjurations
 - Level 1.0 Summonings
 - Level 1.0 Translocations


You had 5 spell levels left.
You knew the following spells:

 Your Spells              Type           Power      Damage    Failure   Level
a - Magic Dart            Conj           16%        1d3       14%         1

Your spell library contained the following spells:

 Spells                   Type           Power      Damage    Failure   Level
 Blink                    Tloc           N/A        N/A       22%         2
 Call Imp                 Summ           4%         N/A       22%         2
 Slow                     Hex            2%         N/A       32%         2
 Conjure Flame            Conj/Fire      3%         6-21      45%         3
 Mephitic Cloud           Conj/Pois/Air  3%         N/A       50%         3


Dungeon Overview and Level Annotations

Branches:
Dungeon (1/15)

Altars:


Innate Abilities, Weirdness & Mutations

Your serpentine skin is tough. (AC +0)
You have supernaturally acute eyesight. (SInv)
Armour fits poorly on your strangely shaped body.
Your system is resistant to poisons. (rPois)
You cover ground very slowly.
You can spit poison.
You have a snake-like lower body.


Message History

The kobold is severely wounded.
The magic dart hits the kobold.
You kill the kobold!
Magic restored.
You now have 14 gold pieces.
Found 10 gold pieces.
Found a stone staircase leading down.
Things that are here:
a +0 whip; a kobold corpse A kobold comes into view.
It is wielding a +0 short sword of draining.
A kobold is nearby!
You see here 10 gold pieces.
Found a stone staircase leading down.
The kobold shouts!
You hear a shout!
The kobold throws a stone.
The stone closely misses you.
A goblin comes into view. It is wielding a +0 club.
You barely miss the kobold.
The kobold hits you with a +0 short sword of draining.
You feel drained.
You closely miss the kobold. The kobold barely misses you.
You barely miss the kobold. The kobold barely misses you.
You hit the kobold.
The kobold is moderately wounded.
The kobold hits you with a +0 short sword of draining.
You feel drained.
You are too injured to fight recklessly!
You are too injured to fight recklessly!
You are too injured to fight recklessly!
You are too injured to fight recklessly!
You are too injured to fight recklessly!
You are too injured to fight recklessly!
Unknown command.
You are too injured to fight recklessly!
Aiming: Magic Dart (safe; 14% risk of failure)
Press: ? - help, Q - select action, (/) - cycle Shift-Dir - straight line, f - kobold
Aim: a kobold, wielding a +0 short sword of draining and quivering stones (moderately wounded, 0% to evade)
The magic dart hits the kobold.
The kobold is heavily wounded.
The kobold hits you with a +0 short sword of draining.
Ouch! That really hurt!
You die...

##. ###.. ###...#
...#.# #...#
.#####..#####.#
#>.....g......#
#.####.K###.###
.......@..#.#
..####.$....#
##.#...#
####.....#
##........#
........>...#
..##.###...#######
########## ##
#=#........
........
...#)######.


You could see a goblin and a kobold.

Vanquished Creatures
  2 kobolds (D:1)
  A rat (D:1)
3 creatures vanquished.

Notes
Turn   | Place    | Note
-------+----------+-------------------------------------------
     0 | D:1      | rageheart7 the Naga Hedge Wizard began the quest for the
                  | Orb.
     0 | D:1      | Reached XP level 1. HP: 15/15 MP: 4/4
   211 | D:1      | Slain by a kobold

Illustrated notes

Levels and vault maps discovered:
D:1:      dpeg_arrival_line_fractal, layout_loops_ring

Action                   || total
-------------------------++-------
Melee: Dagger            ||     7
 Cast: Magic Dart        ||     5
 Stab: Sleeping          ||     1
Dodge: Dodged            ||     4

Table legend: (Time is in decaauts)
 A = Elapsed time spent in this place.
 B = Non-inter-level travel time spent in this place.
 C = Inter-level travel time spent in this place.
 D = Time resting spent in this place.
 E = Time spent auto-exploring this place.
 F = Levels seen in this place.
 G = Mean time per level.
                   A        B        C        D        E       F      G
               +--------+--------+--------+--------+--------+-----+--------+
         Total |    234 |    234 |      0 |      0 |    197 |   1 |  234.0 |
       Dungeon |    234 |    234 |      0 |      0 |    197 |   1 |  234.0 |
               +--------+--------+--------+--------+--------+-----+--------+

Top non-repeatable levels by time:
     D:1: 234 daAuts
